 Dungeon Sprint DCSS version 0.20.1-1-g8b1a95d (webtiles) character file.

1051 wojtek the Basher (level 8, -3/120 (124) HPs)
             Began as a Minotaur Berserker on Jan 1, 2018.
             Was an Elder of Trog.
             Slain by a tyrant leech (22 damage)
             ... in the Dungeon (Sprint II: "The Violet Keep of Menkaure").
             The game lasted 00:01:14 (622 turns).

wojtek the Basher (Minotaur Berserker)               Turns: 622, Time: 00:01:14

HP:   -3/120 (124)  AC:  3    Str: 28    XL:     8   Next: 5%
MP:   7/7           EV: 15    Int:  4    God:    Trog [****..]
Gold: 729           SH:  0    Dex: 11    Spells: 7/7 levels left

rFire    . . .     SeeInvis .   a - +0 mace
rCold    . . .     Gourm    .   (no shield)
rNeg     . . .     Faith    .   b - +0 animal skin
rPois    .         Spirit   .   (helmet restricted)
rElec    .         Reflect  .   (no cloak)
rCorr    .         Harm     .   (no gloves)
MR       .....     NoTele   +   (no boots)
Stlth    ..........             (no amulet)
Regen    0.3/turn               (no ring)
MPRegen  0.1/turn               (no ring)

@: berserking (expiring), very quick
A: retaliatory headbutt, horns 2, rugged brown scales 1
a: Berserk, Trog's Hand, Brothers in Arms, Burn Spellbooks, Renounce Religion


You were in the Dungeon.
You worshipped Trog.
Trog was greatly pleased with you.
You were hungry.

You visited 1 branch You collected 729 gold pieces.

Inventory:

Hand Weapons
 a - a +0 mace (weapon)
Armour
 b - a +0 animal skin (worn)
Scrolls
 i - a scroll of blinking
Potions
 d - a potion of curing
 e - a potion of heal wounds
 f - a potion of haste
 g - 2 potions of magic
 h - a potion of berserk rage
Comestibles
 c - a bread ration


   Skills:
 + Level 10.6 Fighting
 * Level 14.0 Maces & Flails
 + Level 10.3 Armour
 + Level 6.2 Dodging


You had 7 spell levels left.
You didn't know any spells.

Dungeon Overview and Level Annotations

Branches:
Dungeon (1/1)

Altars:
Beogh


Innate Abilities, Weirdness & Mutations

You reflexively headbutt those who attack you in melee.
You have a pair of horns on your head.
You are partially covered in rugged brown scales. (AC +1, +3% HP)


Message History

You sock the tyrant leech!
The tyrant leech is almost dead.
The tyrant leech bites you.
* * * LOW HITPOINT WARNING * * *
The tyrant leech draws strength from your injuries!
You sock the tyrant leech! You headbutt the tyrant leech.
You kill the tyrant leech!
Trog accepts your kill.
Your Maces & Flails skill increases to level 14!
Your Dodging skill increases to level 6!
You have reached level 8!
You feel agile.
You sock the tyrant leech!
The tyrant leech is moderately wounded.
You sock the tyrant leech!
The tyrant leech is moderately wounded.
You thump the tyrant leech! Your headbutt misses the tyrant leech.
The tyrant leech is heavily wounded.
The tyrant leech bites you!!
You die...

++ .. ##+##..
##...##.#### #..#..#
...# # ##.#.####..##
##. ##'###.##..#
#..$##.##..##..#
#w@<.'.##+..###
#...##.##.#.#..§.###..
##. ##'###.##..§...≈≈≈
# ##.#.####≈≈§§...≈#+
#.##..#≈≈≈≈≈≈≈..§#.
###..##≈≈≈≈§≈≈≈.≈#.
#+##≈≈≈≈≈≈≈§≈§≈#_
≈≈≈≈≈§§§≈≈≈≈≈#.
+++#≈≈§§§≈≈§≈#.


You could see a tyrant leech.

Vanquished Creatures
  A tyrant leech (D)
  4 neqoxecs (D)
  4 necrophages (D)
  3 worms (D)
12 creatures vanquished.

Vanquished Creatures (others)
  Menkaure (D)
  A crocodile (D)
2 creatures vanquished.

Grand Total: 14 creatures vanquished

Notes
Turn   | Place    | Note
-------+----------+-------------------------------------------
     0 | D        | wojtek the Minotaur Berserker began the quest for the Orb.
     0 | D        | Reached XP level 1. HP: 19/19 MP: 0/0
     1 | D        | Noticed a necrophage
     1 | D        | Noticed a necrophage
     1 | D        | Noticed a necrophage
     1 | D        | Noticed a necrophage
     7 | D        | Killed a necrophage
     7 | D        | Reached skill level 7 in Maces & Flails
     7 | D        | Reached skill level 5 in Armour
     7 | D        | Reached XP level 2. HP: 30/30 MP: 1/1
     7 | D        | Reached XP level 3. HP: 37/37 MP: 2/2
     7 | D        | Reached XP level 4. HP: 44/44 MP: 3/3
    13 | D        | Killed a necrophage
    13 | D        | Reached skill level 9 in Maces & Flails
    13 | D        | Reached XP level 5. HP: 44/51 MP: 4/4
    13 | D        | Killed a crocodile
    21 | D        | Killed a necrophage
    21 | D        | Reached ** piety under Trog
    21 | D        | Reached skill level 10 in Maces & Flails
    24 | D        | Killed a necrophage
    24 | D        | Reached skill level 11 in Maces & Flails
    24 | D        | Reached XP level 6. HP: 17/59 MP: 5/5
    64 | D        | Killed Menkaure
   244 | D        | Noticed a neqoxec
   244 | D        | Noticed a neqoxec
   244 | D        | Noticed a neqoxec
   244 | D        | Noticed a neqoxec
   252 | D        | Lost intelligence.
   254 | D        | Gained mutation: You are partially covered in rugged brown scales. (AC +1, +3% HP) [a neqoxec]
   257 | D        | Killed a neqoxec
   257 | D        | Reached skill level 12 in Maces & Flails
   262 | D        | Killed a neqoxec
   262 | D        | Reached *** piety under Trog
   262 | D        | Reached XP level 7. HP: 47/70 MP: 6/6
   264 | D        | Killed a neqoxec
   264 | D        | Reached skill level 10 in Fighting
   264 | D        | Reached skill level 13 in Maces & Flails
   264 | D        | Reached skill level 5 in Dodging
   269 | D        | Killed a neqoxec
   269 | D        | Reached skill level 10 in Armour
   554 | D        | Found a roughly hewn altar of Beogh.
   577 | D        | Reached **** piety under Trog
   602 | D        | Noticed a tyrant leech
   602 | D        | Noticed a tyrant leech
   619 | D        | Killed a tyrant leech
   619 | D        | Reached skill level 14 in Maces & Flails
   619 | D        | Reached XP level 8. HP: 18/80 MP: 7/7
   622 | D        | Slain by a tyrant leech

Skill      XL: |  1  2  3  4  5  6  7 |
---------------+----------------------+-----
Fighting       | 6 7 8 9 10 | 10.6
Maces & Flails | 7 9 11 12 14 | 14.0
Armour         | 5 6 8 9 10 | 10.3
Dodging        | 4 6 |  6.2

Action                   |  1- 3 |  4- 6 |  7- 9 || total
-------------------------+-------+-------+-------++-------
Melee: Mace              |     5 |    32 |    36 ||    73
       Headbutt          |     1 |     5 |     8 ||    14
Invok: Berserk           |       |     1 |     1 ||     2
Armor: Animal skin       |     1 |     1 |       ||     2
Dodge: Dodged            |     3 |    19 |     9 ||    31
